 Dungeon Crawl Stone Soup version 0.26.1-11-gd32895ea62 (webtiles) character file.

Game seed: 14662580092208079660

23 Kangaroobicon the Slasher (level 2, 0/27 HPs)
             Began as a Minotaur Berserker on June 23, 2021.
             Was a Follower of Trog.
             Slain by an orc
             ... wielding a cursed -1 whip
              (2 damage)
             ... on level 2 of the Dungeon on July 10, 2021.
             The game lasted 00:16:18 (851 turns).

Kangaroobicon the Slasher (Minotaur Berserker)       Turns: 851, Time: 00:16:19

Health: 0/27       AC: 12    Str: 21    XL:     2   Next: 75%
Magic:  1/1        EV:  6    Int:  4    God:    Trog [*.....]
Gold:   72         SH:  0    Dex:  9    Spells: 1/1 levels left

rFire    . . .     SeeInvis .   a - +0 falchion
rCold    . . .     Faith    .   (no shield)
rNeg     . . .     Spirit   .   f - +0 plate armour
rPois    .         Reflect  .   (helmet restricted)
rElec    .         Harm     .   (no cloak)
rCorr    .         Rampage  .   (no gloves)
Will     .....                  g - +0 pair of boots (curse)
Stlth    ..........             (no amulet)
HPRegen  0.09/turn              (no ring)
MPRegen  0.07/turn              (no ring)

@: no status effects
A: retaliatory headbutt, horns 2
a: Renounce Religion, Berserk


You were on level 2 of the Dungeon.
You worshipped Trog.
Trog was aware of your devotion.
You visited 1 branch of the dungeon, and saw 2 of its levels.

You collected 72 gold pieces.

Inventory:

Hand Weapons
 a - a +0 falchion (weapon)
 c - a +0 dagger
 l - a +0 club
 n - a +0 club
 o - a +0 dagger
 p - a +0 dagger
 q - a +0 whip
 r - a +0 dagger
 s - a +0 club
 z - a +0 whip
Missiles
 h - 6 boomerangs
 i - 2 silver javelins
 m - 21 sling bullets
 u - 27 stones
Armour
 b - a +0 animal skin
 e - a +0 ring mail
 f - a +0 plate armour (worn)
 g - a cursed +0 pair of boots (worn)
 w - a cursed +0 leather armour
Scrolls
 k - a scroll of amnesia {unknown}
 t - 3 scrolls of immolation {unknown}
 v - a scroll of identify {unknown}
 y - a scroll of teleportation {unknown}
Potions
 d - a potion of resistance {unknown}
 j - a potion of degeneration {unknown}
 x - a potion of ambrosia {unknown}


   Skills:
 + Level 4.2 Fighting
 + Level 4.2 Long Blades
 + Level 2.6 Armour
 + Level 2.3 Dodging


You had one spell level left.
You didn't know any spells.
Your spell library was empty.

Dungeon Overview and Level Annotations

Branches:
Dungeon (2/15)

Altars:


Innate Abilities, Weirdness & Mutations

You reflexively headbutt those who attack you in melee.
You have a pair of horns on your head.


Message History

The orc priest is severely wounded.
You closely miss the orc. You headbutt the orc.
The orc is moderately wounded.
The orc priest calls down the wrath of Beogh upon you.
Beogh smites you!
Ouch! That really hurt!
You hear a shout!
You closely miss the orc.
The orc is moderately wounded.
The orc priest calls upon Beogh to heal the orc.
The orc's wounds heal themselves!
The orc hits you but does no damage.
The orc priest invokes the aid of Beogh against you.
Beogh smites you!
* * * LOW HITPOINT WARNING * * *
An orc opens the door.
Found a stone staircase leading down.
Your plate armour prevents you from hitting the orc.
The orc hits you with a cursed -1 whip.
You die...

#. ..#..##..# .
#.###.#......#
..#.....##.###.#
....#.##.....#
..?#....#####
#.#.##.#...#
..###......#.#.#
......o.#..#.#.#
...##..@#......#
#...o#.##.###
........#.##.#
.###'#..#.##.######
.o..#.#.........#
.....#.####.####.#
... ..#.# #.# #.#
......#># #.####.#
#......#


You could see an orc priest and 2 orcs.

Vanquished Creatures
  A dart slug (D:1)
  2 bats (D:1)
  4 goblins (D:1)
  2 hobgoblins (D:1)
  2 kobolds (D:1)
  A ball python (D:1)
  6 frilled lizards (D:1)
  3 rats (D:1)
21 creatures vanquished.

Notes
Turn   | Place    | Note
-------+----------+-------------------------------------------
     0 | D:1      | Kangaroobicon the Minotaur Berserker began the quest for
                  | the Orb.
     0 | D:1      | Reached XP level 1. HP: 19/19 MP: 0/0
   231 | D:1      | Reached XP level 2. HP: 27/27 MP: 1/1
   851 | D:2      | Slain by an orc

Illustrated notes

Levels and vault maps discovered:
D:1:      amcnicky_arrival_blooded_trapdoor, layout_loops_ring
D:2:      minmay_wonky_spiral, layout_basic, lemuel_doored_altar,
          lemuel_round_altar, kennysheep_cross_room

Skill      XL: |  1  2 |
---------------+-------+-----
Fighting       | 4 |  4.2
Long Blades    | 4 |  4.2
Armour         | |  2.6
Dodging        | |  2.3

Action                   || total
-------------------------++-------
Melee: Falchion          ||    53
       Headbutt          ||     9
Armor: Plate armour      ||    21
Dodge: Dodged            ||    16
       Rpst.: Falchion   ||     4
